 Dungeon Crawl Stone Soup version 0.22-a0-422-g9628fc8 (webtiles) character file.

2949 Borgoz the Cleaver (level 9, -1/57 HPs)
             Began as a Gargoyle Abyssal Knight on May 16, 2018.
             Was an Elder of Lugonu.
             Slain by an orc warrior
             ... wielding a +0 trident
              (11 damage)
             ... on level 9 of the Dungeon.
             The game lasted 00:15:18 (7867 turns).

Borgoz the Cleaver (Gargoyle Abyssal Knight)        Turns: 7867, Time: 00:15:19

Health: -1/57      AC: 19    Str: 16    XL:     9   Next: 81%
Magic:  10/10      EV:  8    Int: 13    God:    Lugonu [****..]
Gold:   408        SH:  0    Dex: 12    Spells: 8/8 levels left

rFire    . . .     SeeInvis .   q - +3 battleaxe
rCold    . . .     Gourm    .   (shield currently unavailable)
rNeg     + . .     Faith    .   m - +0 chain mail
rPois    ∞         Spirit   .   (no helmet)
rElec    +         Reflect  .   r - +2 cloak
rCorr    .         Harm     .   (no gloves)
MR       .....                  (no boots)
Stlth    ..........             (no amulet)
HPRegen  0.19/turn              (no ring)
MPRegen  0.12/turn              (no ring)

@: no status effects
A: negative energy resistance 1, electricity resistance, unbreathing,
petrification resistance, rot immunity, AC +6
a: Depart the Abyss, Bend Space, Banish, Corrupt, Renounce Religion


You were on level 9 of the Dungeon.
You worshipped Lugonu.
Lugonu was greatly pleased with you.
You were very hungry.

You visited 2 branches of the dungeon, and saw 10 of its levels.
You visited the Abyss 1 time.

You collected 408 gold pieces.

Inventory:

Hand Weapons
 q - a +3 battleaxe (weapon)
Armour
 m - a +0 chain mail (worn)
 r - a +2 cloak (worn)
Jewellery
 p - an uncursed ring of flight {unknown}
Wands
 f - a wand of flame (18)
 n - a wand of polymorph (1)
Scrolls
 a - a scroll of remove curse
 e - a scroll of identify
 g - 3 scrolls of teleportation
 h - 2 scrolls of amnesia
 j - 3 scrolls of magic mapping
 l - 3 scrolls of enchant weapon
 s - 2 scrolls of fog
Potions
 b - 2 potions of brilliance
 i - a potion of magic
 o - 2 potions of flight
Comestibles
 c - 15 rations


   Skills:
 + Level 7.4 Fighting
 + Level 9.2 Axes
 + Level 6.2 Armour
 + Level 2.8 Dodging
 * Level 2.5 Invocations


You had 8 spell levels left.
You didn't know any spells.
Your spell library contained the following spells:

 Spells                   Type           Power        Failure   Level  Hunger
 Spider Form              Tmut/Pois      #.........   100%        3    ####...
 Blade Hands              Tmut           #.........   100%        5    ######.
 Ice Form                 Ice/Tmut       #.......     100%        4    #####..
 Sticks to Snakes         Tmut           #.......     100%        2    ###....
 Beastly Appendage        Tmut           #.....       99%         1    ##.....


Dungeon Overview and Level Annotations

Branches:
Dungeon (9/15)             Temple (1/1) D:4
   Lair: D:8-11         Orc: D:9-12

Altars:
Ashenzari
Cheibriados
Elyvilon
Fedhas
Gozag
Hepliaklqana
Makhleb
Nemelex Xobeh
Okawaru
Qazlal
Ru
Trog
Uskayaw
Vehumet
Wu Jian
Xom
Yredelemnul
Zin
The Shining One

Annotations:
D:7 Joseph


Innate Abilities, Weirdness & Mutations

You are resistant to torment.
Your stone body is resilient. (AC +6)
You are immune to poison.
You resist negative energy. (rN+)
You are resistant to electric shocks. (rElec)
You can survive without breathing.
You are immune to petrification.
You are immune to rotting.


Message History

You slice the orc warrior!!
The orc warrior is severely wounded.
A hound comes into view.
The orc warrior hits you with a trident.
A bullfrog comes into view.
The hound barks!
You slash the orc warrior!
The orc warrior is almost dead.
You hear a bellow!
The orc warrior hits you with a trident!
A crocodile comes into view.
You hit the orc warrior but do no damage.
The orc warrior is almost dead.
The orc warrior hits you with a trident.
The orc warrior hits you with a trident!
* * * LOW HITPOINT WARNING * * *
Unknown command.
Okay, then.
The orc warrior hits you from afar with a trident!
You die...

##########.#
#)).(...(...
###########.##########
#...........##########
#.#.####.##(((().t...###
#)..........$$>@.o.Fh't.
#KK########......F...##.
#.. #....######## #..
..(⌠..# #K. ≈......#


#KK ?≈......# #.. .≈≈≈≈...# ≈≈≈. You could see an orc warrior, 2 crocodiles, 2
bullfrogs and a hound.

Vanquished Creatures
  The ghost of galech the Conjurer, an amateur GnWn (D:3)
  Edmund (D:4)
  A sky beast (D:5)
  2 orc warriors (D:6)
  An ogre (D:4)
  3 centaurs
  Blork the orc (D:6)
  3 big kobolds
  5 bullfrogs
  A wyvern skeleton (D:9)
  2 scorpions
  3 killer bees (D:9)
  4 wights
  2 crimson imps (D:7)
  A bullfrog zombie (D:5)
  5 hounds
  4 orc wizards
  An orc priest (D:6)
  2 jellies
  A centaur skeleton (D:5)
  An iguana (D:5)
  A bullfrog skeleton (D:5)
  Natasha (thrice) (D:2)
  4 worker ants
  4 gnolls (D:4)
  12 adders
  An adder zombie (D:8)
  2 worms
  2 dart slugs
  4 leopard geckos
  29 orcs
  8 goblins
  9 hobgoblins
  7 jackals
  20 kobolds
  5 quokkas
  2 ball pythons
  7 bats
  5 frilled lizards
  9 rats
179 creatures vanquished.

Vanquished Creatures (others)
  48 fungi (D:9)
  26 plants (D:9)
74 creatures vanquished.

Grand Total: 253 creatures vanquished

Notes
Turn   | Place    | Note
-------+----------+-------------------------------------------
     0 | Abyss:1  | Borgoz the Gargoyle Abyssal Knight began the quest for the Orb.
     0 | Abyss:1  | Reached XP level 1. HP: 14/14 MP: 2/2
   107 | Abyss:1  | Noticed a ynoxinul
   127 | Abyss:1  | Noticed a small abomination
   130 | D:1      | Escaped the Abyss
   196 | D:1      | Reached XP level 2. HP: 14/20 MP: 3/3
   503 | D:1      | Reached * piety under Lugonu
   641 | D:1      | Reached skill level 2 in Axes
   903 | D:2      | Noticed Natasha
   905 | D:2      | Reached XP level 3. HP: 24/24 MP: 4/4
   917 | D:2      | Killed Natasha
   917 | D:2      | Reached skill level 1 in Dodging
   951 | D:2      | Reached XP level 4. HP: 15/30 MP: 5/5
   956 | D:2      | Noticed Natasha
   980 | D:2      | Killed Natasha
  1013 | D:2      | Noticed Natasha
  1024 | D:2      | Killed Natasha
  1024 | D:2      | Reached skill level 5 in Fighting
  1292 | D:2      | Reached XP level 5. HP: 35/35 MP: 6/6
  2040 | D:3      | You fall through a shaft for 3 floors!
  2110 | D:6      | Noticed an orc warrior
  2146 | D:6      | Killed an orc warrior
  2146 | D:6      | Reached skill level 3 in Axes
  2146 | D:6      | Reached XP level 6. HP: 22/40 MP: 7/7
  2512 | D:6      | Found a shimmering altar of Xom.
  2516 | D:6      | Found a hazy altar of Hepliaklqana.
  2517 | D:6      | Noticed a spectral ugly thing
  2560 | D:5      | Entered Level 5 of the Dungeon
  2582 | D:4      | Reached skill level 4 in Axes
  2788 | D:4      | Found a staircase to the Ecumenical Temple.
  2788 | D:4      | Noticed Edmund
  2820 | D:4      | Killed Edmund
  2820 | D:4      | Reached XP level 7. HP: 43/44 MP: 8/8
  2836 | Temple   | Entered the Ecumenical Temple
  3141 | D:3      | Reached ** piety under Lugonu
  3182 | D:3      | Found a sparkling altar of Nemelex Xobeh.
  3187 | D:3      | Noticed galech's ghost (amateur GnWn)
  3441 | D:3      | Reached skill level 5 in Axes
  3471 | D:3      | Found a snail-covered altar of Cheibriados.
  3635 | D:3      | Killed galech's ghost
  3915 | D:3      | Reached XP level 8. HP: 51/51 MP: 9/9
  4033 | D:3      | Found a shattered altar of Ashenzari.
  4521 | D:4      | Reached skill level 6 in Axes
  5047 | D:5      | Reached *** piety under Lugonu
  5272 | D:5      | Reached skill level 7 in Axes
  5638 | D:6      | Found a radiant altar of Vehumet.
  5684 | D:5      | Reached skill level 5 in Armour
  5827 | D:6      | Noticed Blork the orc
  5852 | D:6      | Killed Blork the orc
  5852 | D:6      | Reached XP level 9. HP: 56/56 MP: 10/10
  6393 | D:6      | Reached skill level 8 in Axes
  6591 | D:7      | Noticed Joseph
  7080 | D:8      | Reached **** piety under Lugonu
  7152 | D:8      | Found a sacrificial altar of Ru.
  7694 | D:9      | Reached skill level 9 in Axes
  7867 | D:9      | Slain by an orc warrior

Vault maps used:
D:1:      co_arrival_random_square_maze, minmay_small_reverse_x
D:2:      uniq_natasha
D:3:      cheibrodos_ashenzari_chains, cheibriados_altar_1, old_standard_altar,
          first_ration
D:4:      minmay_temple_entry_water_ring, minmay_fountain_box,
          kennysheep_generic_room_6, uniq_edmund
D:6:      regret_index_temple_of_mockery, minivault_27,
          hangedman_decor_peaks_small, vehumet_altar_wand_db, uniq_blork_the_orc
D:7:      nicolae_dithmenos_through_a_glass_darkly, uniq_joseph
D:8:      nicolae_ru_great_annihilating_truth
D:9:      kiku_gazebo_pond_becter, lemuel_round_altar,
          due_lair_maze_entry_diamond
Temple:   nicolae_temple_figure_eight

Skill      XL: |  1  2  3  4  5  6  7  8  9 |
---------------+----------------------------+-----
Fighting       | 4 5 6 7 |  7.4
Axes           | 2 3 4 5 7 9 |  9.2
Dodging        | 1 2 |  2.8
Armour         | 3 4 5 6 |  6.2
Invocations    | |  2.5

Action                   |  1- 3 |  4- 6 |  7- 9 || total
-------------------------+-------+-------+-------++-------
Melee: Hand axe          |    76 |   143 |   366 ||   585
       Unarmed           |       |     2 |       ||     2
       Battleaxe         |       |       |   177 ||   177
Invok: Depart the Abyss  |     1 |       |       ||     1
  Use: Potion            |       |     2 |     6 ||     8
       Scroll            |       |       |    18 ||    18
 Stab: Paralysed         |       |       |     1 ||     1
  Eat: Chunk             |       |     6 |    16 ||    22
Armor: Leather armour    |    27 |     6 |       ||    33
       Skin              |     1 |    37 |       ||    38
       Chain mail        |       |   109 |   469 ||   578
Dodge: Dodged            |    50 |    88 |   227 ||   365

Table legend:
 A = Spawn XP
 B = Non-spawn XP
 C = Spawn XP percentage of total XP
 D = Spawn monster count
 E = Non-spawn monster count
 F = Spawn count percentage of total count
 G = Total turns spent on level
                    A         B        C        D         E        F      G
               +---------+---------+-------+---------+---------+-------+---------
         Total |       0 |    4213 |   0.0 |       0 |     179 |   0.0 |  7867
               +---------+---------+-------+---------+---------+-------+---------
           D:1 |       0 |      31 |   0.0 |       0 |      16 |   0.0 |   768
           D:2 |       0 |     159 |   0.0 |       0 |      23 |   0.0 |  1098
           D:3 |       0 |     429 |   0.0 |       0 |      39 |   0.0 |  1072
           D:4 |       0 |     651 |   0.0 |       0 |      29 |   0.0 |  1220
           D:5 |       0 |     667 |   0.0 |       0 |      17 |   0.0 |   649
           D:6 |       0 |    1180 |   0.0 |       0 |      27 |   0.0 |  1793
           D:7 |       0 |     269 |   0.0 |       0 |       5 |   0.0 |   152
           D:8 |       0 |     311 |   0.0 |       0 |       9 |   0.0 |   355
           D:9 |       0 |     516 |   0.0 |       0 |      14 |   0.0 |   437
               +---------+---------+-------+---------+---------+-------+---------
